 Dungeon Crawl Stone Soup version 0.32-a0-520-g344ed53f66 (webtiles) character file.

Game seed: 425181277527330904

154 anacleto the Changeling (level 5, 0/58 (72) HPs)
             Began as a Troll Shapeshifter on Feb 28, 2024.
             Was an Initiate of Qazlal.
             Slain by Terence
             ... wielding a +5 flail of draining
              (9 damage)
             ... on level 3 of the Dungeon.
             The game lasted 00:04:14 (1517 turns).

anacleto the Changeling (Troll Shapeshifter)        Turns: 1517, Time: 00:04:15

HP:   0/58 (72)     AC: 22    Str: 24    XL:     5   Next: 13%
MP:   4/4           EV:  1    Int:  6    God:    Qazlal [......]
Gold: 101           SH: 10    Dex:  9    Spells: 4/4 levels left

rFire   . .          .
                       - Unarmed
rCold   . . .        m - +0 tower shield
rNeg    . . .        a - melded +0 animal skin
rPois   +            (helmet currently unavailable)
rElec   .            (cloak currently unavailable)
rCorr   .            (gloves unavailable)
SInv    .            (boots unavailable)
Will    .....        (no amulet)
Stlth   +            (no ring)
HPRegen 1.09/turn    (no ring)
MPRegen 0.09/turn

%: no passive effects
@: tree-form, hasted, heavily drained, very quick
A: stationary, stasis, torment immunity, boosted hp, large, unfitting armour,
(claws 3), regeneration 1, (shaggy fur 1), (tough skin 1)
a: Renounce Religion


You were on level 3 of the Dungeon.
You worshipped Qazlal.
Qazlal was noncommittal.
You were a tree.
You visited 1 branch of the dungeon, and saw 3 of its levels.

You collected 101 gold pieces.

Inventory:

Missiles
 o - 17 poisoned darts (quivered)
Armour
 a - a +0 animal skin (melded)
 m - a +0 tower shield (worn)
Jewellery
 f - a ring of poison resistance
Talismans
 c - a beast talisman (active)
 d - a flux talisman
 p - a maw talisman
Scrolls
 e - a scroll of immolation {unknown}
 g - a scroll of silence {unknown}
 h - 5 scrolls of identify {unknown}
 i - a scroll of fear {unknown}
 l - 3 scrolls of vulnerability {unknown}
Potions
 b - a potion of lignification
 j - a potion of brilliance {unknown}
 k - a potion of heal wounds {unknown}
 n - a potion of haste
 q - a potion of might {unknown}


   Skills:
 + Level 1.6 Fighting
 + Level 2.3 Dodging
 + Level 1.2 Shields
 + Level 3.6 Unarmed Combat
 * Level 4.0 Shapeshifting


You had 4 spell levels left.
You didn't know any spells.
Your spell library contained the following spells:

 Spells                   Type           Power      Damage    Failure   Level
 Brom's Barrelling Bould  Conj/Erth      0%         2d3       100%        4
 Fireball                 Conj/Fire      0%         3d3       100%        5
 Iskenderun's Battlesphe  Conj           0%         2d6       100%        5
 Conjure Ball Lightning   Conj/Air       0%         3x3d6     100%        6
 Orb of Destruction       Conj           0%         9d5       100%        7


Dungeon Overview and Level Annotations

Branches:
Dungeon (3/15)

Altars:
Dithmenos
Qazlal

Annotations:
D:3 Terence


Innate Abilities, Weirdness & Mutations

You are a tree.
Your roots penetrate the ground, keeping you stationary.
You cannot be teleported.
You are immune to unholy pain and torment.
Your maximum health is greatly increased.
Your equipment is partially melded.
You are too large for most types of armour.
((You have claws for hands.))
Your natural rate of healing is unusually fast.
((You are covered in fur. (AC +1)))
((You have tough skin. (AC +1)))


Message History

* * * LOW HITPOINT WARNING * * *
You feel drained.
* * * LOW HITPOINT WARNING * * *
Unknown command.
Your transformation has ended.
You turn into a tree.
Your +0 animal skin melds into your body.
Your roots penetrate the ground.
Terence hits you with a +5 flail of draining.
* * * LOW HITPOINT WARNING * * *
You feel drained.
It was a potion of haste.
You feel yourself speed up. You block Terence's attack.
Smack: -) Branches
Press: ? - help, Dir - move target, f - Terence
Aim: Terence, wielding a +5 flail of draining and wearing a +4 chain mail of fire resistance (moderately wounded, about 32% to evade your branches)
You closely miss Terence.
Terence is moderately wounded.
You block Terence's attack.
Smack: -) Branches
Press: ? - help, Dir - move target, f/p - Terence
Aim: Terence, wielding a +5 flail of draining and wearing a +4 chain mail of fire resistance (moderately wounded, about 32% to evade your branches)
You hit Terence but do no damage.
Terence is moderately wounded.
Unknown command.
Smack: -) Branches
Press: ? - help, Dir - move target, f/p - Terence
Aim: Terence, wielding a +5 flail of draining and wearing a +4 chain mail of fire resistance (moderately wounded, about 32% to evade your branches)
You smack Terence!
Terence is severely wounded.
You block Terence's attack.
Smack: -) Branches
Press: ? - help, Dir - move target, f/p - Terence
Aim: Terence, wielding a +5 flail of draining and wearing a +4 chain mail of fire resistance (severely wounded, about 32% to evade your branches)
You hit Terence but do no damage.
Terence is severely wounded.
Terence says, "Don't bother to defend, it's pointless."
Terence hits you with a +5 flail of draining!
You die...
Terence says, "Rest in peace."

.. #.# ... #.# #
.>.. #.# # .. ...##
#.#.# ...
.....##.#.#.# ....
#......#.# .....
##...###.#
......##........####
.....l@♣............
.^....##............
..... #...#..######
.... #...##.## ...
#...##..####### ..
#.............### .
#...####.####...#
....# ..... #.#.# .
#.......#.#.#


You could see Terence and a frilled lizard.

Vanquished Creatures
  Natasha (D:3)
  5 adders
  A ribbon worm (D:2)
  3 dart slugs
  5 endoplasms
  3 giant cockroaches
  9 goblins
  8 hobgoblins
  8 jackals
  2 quokkas
  7 ball pythons
  4 bats
  5 frilled lizards
  4 kobolds
  6 rats
71 creatures vanquished.

Notes
Turn   | Place    | Note
-------+----------+-------------------------------------------
     0 | D:1      | anacleto the Troll Shapeshifter began the quest for the
                  | Orb.
     0 | D:1      | Reached XP level 1. HP: 18/18 MP: 0/0
    88 | D:1      | Reached skill level 1 in Fighting
    90 | D:1      | Reached XP level 2. HP: 27/27 MP: 1/1
   245 | D:1      | Found a faded altar of an unknown god.
   281 | D:1      | Reached XP level 3. HP: 31/33 MP: 2/2
   787 | D:2      | Reached XP level 4. HP: 39/41 MP: 3/3
  1177 | D:3      | Found a stormy altar of Qazlal.
  1199 | D:3      | Became a worshipper of Qazlal Stormbringer
  1389 | D:3      | Reached skill level 1 in Shields
  1445 | D:3      | Found a shadowy altar of Dithmenos.
  1454 | D:3      | Reached skill level 4 in Shapeshifting
  1459 | D:3      | Noticed Natasha
  1467 | D:3      | Killed Natasha
  1468 | D:3      | Reached XP level 5. HP: 45/48 MP: 4/4
  1501 | D:3      | Noticed Terence
  1517 | D:3      | Slain by Terence

Illustrated notes

Levels and vault maps discovered:
D:1:      elethiomel_arrival_shortcut, layout_rooms,
          nicolae_ecumenical_snake_handling
D:2:      layout_rooms, minmay_fractal_squares_gapless_5
D:3:      layout_basic, old_standard_altar, mainiacjoe_overflow_alcove_1,
          mainiacjoe_overflow_brackets, kennysheep_jessica_study, uniq_terence,
          uniq_grinder, uniq_natasha, uniq_jessica

Skill      XL: |  1  2  3  4 |
---------------+-------------+-----
Fighting       | 1 |  1.6
Dodging        | 2 |  2.3
Shields        | 1 |  1.2
Shapeshifting  | 4 |  4.0
Unarmed Combat | |  3.6

Action                     |  1- 3 |  4- 6 || total
---------------------------+-------+-------++-------
  Melee: Unarmed           |    94 |    79 ||   173
         Punch             |     1 |       ||     1
    Use: Potion            |       |     2 ||     2
 Armour: Animal skin       |    63 |    44 ||   107
         Skin              |       |     2 ||     2
  Dodge: Dodged            |    54 |    20 ||    74
         Repelled          |     2 |       ||     2
  Block: Tower shield      |    13 |    37 ||    50

Table legend: (Time is in decaauts)
 A = Elapsed time spent in this place.
 B = Non-inter-level travel time spent in this place.
 C = Inter-level travel time spent in this place.
 D = Time resting spent in this place.
 E = Time spent auto-exploring this place.
 F = Levels seen in this place.
 G = Mean time per level.
                   A        B        C        D        E       F      G
               +--------+--------+--------+--------+--------+-----+--------+
         Total |   1546 |   1447 |     99 |      0 |    861 |   3 |  515.3 |
       Dungeon |   1546 |   1447 |     99 |      0 |    861 |   3 |  515.3 |
               +--------+--------+--------+--------+--------+-----+--------+

Top non-repeatable levels by time:
     D:1: 548 daAuts
     D:2: 521 daAuts
     D:3: 475 daAuts
